 Dungeon Crawl Stone Soup version 0.23.2-33-g5129a83184 (webtiles) character file.

Game seed: 14082253441296754744

13 Ivernyr the Caller (level 2, -3/15 HPs)
             Began as a Deep Elf Summoner on July 4, 2019.
             Slain by Sigmund
             ... wielding a +0 scythe
              (13 damage)
             ... on level 2 of the Dungeon.
             The game lasted 00:04:26 (1477 turns).

Ivernyr the Caller (Deep Elf Summoner)              Turns: 1477, Time: 00:04:27

Health: -3/15      AC:  3    Str:  5    XL:     2   Next: 24%
Magic:  5/8        EV: 13    Int: 19    God:
Gold:   66         SH:  0    Dex: 15    Spells: 4/7 levels left

rFire    . . .     SeeInvis .   e - +0 mace
rCold    . . .     Gourm    .   (no shield)
rNeg     . . .     Faith    .   a - +0 robe
rPois    .         Spirit   .   (no helmet)
rElec    .         Reflect  .   (no cloak)
rCorr    .         Harm     .   l - +0 pair of gloves
MR       .....                  (no boots)
Stlth    ++........             (no amulet)
HPRegen  0.05/turn              (no ring)
MPRegen  0.11/turn              (no ring)

@: no status effects
A: no striking features
a: no special abilities


You were on level 2 of the Dungeon.
You were hungry.

You visited 1 branch of the dungeon, and saw 2 of its levels.

You collected 66 gold pieces.

Inventory:

Hand Weapons
 e - a +0 mace (weapon)
Armour
 a - a +0 robe (worn)
 f - a +0 buckler
 l - a +0 pair of gloves (worn)
Scrolls
 b - a scroll of identify {unknown}
 i - a scroll of enchant weapon {unknown}
 j - a scroll of fog {unknown}
 k - a scroll of amnesia {unknown}
Potions
 d - a potion of might {unknown}
 g - a potion of agility {unknown}
Comestibles
 c - 3 rations


   Skills:
 + Level 2.7 Dodging
 - Level 2.4 Stealth
 + Level 3.3 Spellcasting
 * Level 4.7 Summonings


You had 4 spell levels left.
You knew the following spells:

 Your Spells              Type           Power        Failure   Level  Hunger
a - Summon Small Mammal   Summ           ###.         1%          1    None
b - Call Imp              Summ           ###.....     3%          2    ##.....

Your spell library contained the following spells:

 Spells                   Type           Power        Failure   Level  Hunger
 Call Canine Familiar     Summ           ###.....     6%          3    ###....
 Summon Guardian Golem    Hex/Summ       ##......     17%         3    ###....
 Summon Ice Beast         Ice/Summ       ##......     50%         4    ####...
 Summon Lightning Spire   Summ/Air       ##......     50%         4    ####...


Dungeon Overview and Level Annotations

Branches:
Dungeon (2/15)

Altars:

Annotations:
D:2 Sigmund


Message History

You hit the goblin.
The goblin is severely wounded.
The goblin hits you with a +0 dagger. The goblin hits you but does no damage.
You completely miss the goblin.
The goblin is severely wounded.
Sigmund the Dreaded comes into view.
He is wielding a +0 scythe.
The goblin hits you but does no damage.
You hit the goblin.
You kill the goblin!
Casting: Summon Small Mammal (safe; 1% risk of failure)
Confirm with . or Enter, or press ? or * to list all spells.
A beastly little devil appears in a puff of flame.
The frilled lizard bites you but does no damage.
Sigmund barely misses you.
Casting: Call Imp (safe; 3% risk of failure)
Confirm with . or Enter, or press ? or * to list all spells.
The frilled lizard completely misses you.
Sigmund hits you from afar with a +0 scythe!
Ouch! That really hurt!
You die...

#####...#####
#...#
#...#####
#.......#
##..###.######
#.....?......
#.###.5#####
#. #r## #. #@#
#. #l# #. #@#
#. #.. #..
#..# #..# #..#


You could see Sigmund, a frilled lizard, a friendly crimson imp and a friendly
quokka.

Vanquished Creatures
  A dart slug (D:1)
  2 bats
  A giant cockroach (D:1)
  A goblin (D:2)
  A kobold (D:1)
  A rat (D:1)
7 creatures vanquished.

Vanquished Creatures (collateral kills)
  A bat (D:1)
  A giant cockroach (D:1)
  A hobgoblin (D:1)
  A ball python (D:1)
  A rat (D:1)
5 creatures vanquished.

Grand Total: 12 creatures vanquished

Notes
Turn   | Place    | Note
-------+----------+-------------------------------------------
     0 | D:1      | Ivernyr the Deep Elf Summoner began the quest for the Orb.
     0 | D:1      | Reached XP level 1. HP: 10/10 MP: 6/6
  1049 | D:1      | Reached XP level 2. HP: 9/15 MP: 8/8
  1158 | D:1      | Learned a level 2 spell: Call Imp
  1474 | D:2      | Noticed Sigmund
  1477 | D:2      | Slain by Sigmund

Action                   || total
-------------------------++-------
Melee: Unarmed           ||    22
       Club              ||    21
       Mace              ||     5
 Cast: Summon Small Mamm ||    11
       Call Imp          ||     1
 Stab: Sleeping          ||     1
  Eat: Chunk             ||     1
Armor: Robe              ||    20
Dodge: Dodged            ||    32
